 Dungeon Crawl Stone Soup version 0.32-a0-391-gce5c0aab1b (webtiles) character file.

Game seed: 8546535521606975874

140 n00bmints the Cudgeller (level 5, -1/48 HPs)
             Began as a Minotaur Berserker on Feb 19, 2024.
             Was a Believer of Trog.
             Slain by a gnoll
             ... wielding a +0 club
              (6 damage)
             ... on level 4 of the Dungeon.
             The game lasted 00:04:06 (1837 turns).

n00bmints the Cudgeller (Minotaur Berserker)        Turns: 1837, Time: 00:04:07

Health: -1/48      AC:  9    Str: 24    XL:     5   Next: 2%
Magic:  4/4        EV:  9    Int:  4    God:    Trog [**....]
Gold:   132        SH:  0    Dex:  9    Spells: 4/4 levels left

rFire   . . .        a - +0 mace
rCold   + . .        (no shield)
rNeg    . . .        q - +0 chain mail
rPois   .            (helmet restricted)
rElec   .            (no cloak)
rCorr   .            (no gloves)
SInv    .            (no boots)
Will    ++...        (no amulet) Stlth
                     c - ring of protection from cold
HPRegen 1.28/turn    (no ring)
MPRegen 0.09/turn

%: no passive effects
@: strong-willed, regenerating
A: horns 2, retaliatory headbutt
a: Renounce Religion, Berserk, Trog's Hand


You were on level 4 of the Dungeon.
You worshipped Trog.
Trog was pleased with you.
You visited 1 branch of the dungeon, and saw 4 of its levels.

You collected 132 gold pieces.

Inventory:

Hand Weapons
 a - a +0 mace (weapon)
Armour
 q - a +0 chain mail (worn)
Jewellery
 c - a ring of protection from cold (left hand)
Scrolls
 b - a scroll of noise {unknown}
 d - 3 scrolls of fear {unknown}
 f - 2 scrolls of summoning {unknown}
 g - 3 scrolls of identify {unknown}
 j - a scroll of fog {unknown}
 n - a scroll of teleportation {unknown}
 p - a scroll of blinking {unknown}
Potions
 e - a potion of might {unknown}
 h - a potion of lignification {unknown}
 i - a potion of curing {unknown}
 k - 2 potions of attraction {unknown}
 l - a potion of ambrosia {unknown}
 m - a potion of degeneration {unknown}


   Skills:
 + Level 5.0 Fighting
 + Level 5.1 Maces & Flails
 + Level 2.9 Armour
 + Level 2.8 Dodging
 + Level 0.6 Stealth


You had 4 spell levels left.
You didn't know any spells.
Your spell library was empty.

Dungeon Overview and Level Annotations

Branches:
Dungeon (4/15)
 Temple: D:4-7

Altars:
Gozag


Innate Abilities, Weirdness & Mutations

You have a pair of horns on your head.
You reflexively headbutt those who attack you in melee.


Message History

You feel sick.
The gnoll hits you from afar with a +0 spear.
A gnoll comes into view.
It is wielding a +0 club and quivering a throwing net.
The adder bites you but does no damage.
You miss the adder.
The adder is severely wounded.
You feel sick. The adder completely misses you. You furiously retaliate!
You headbutt the adder.
The gnoll throws a throwing net.
The throwing net hits you.
You become entangled in the net!
The adder barely misses you. You furiously retaliate!
You headbutt the adder.
You kill the adder!
Trog accepts your kill. The gnoll hits you but does no damage.
The gnoll hits you from afar with a +0 spear!
You have reached level 5!
Your skin crawls.
You feel strong-willed.
You feel sick. The gnoll hits you but does no damage.
The gnoll hits you with a +0 flail.
You tear a large gash into the net.
You feel sick.
The gnoll hits you from afar with a +0 spear!
* * * LOW HITPOINT WARNING * * *
You struggle against the net.
You feel sick.
You are no longer poisoned.
The gnoll barely misses you. The gnoll hits you with a +0 flail.
* * * LOW HITPOINT WARNING * * *
You rip the net and break free!
The gnoll barely misses you. The gnoll hits you with a +0 flail.
* * * LOW HITPOINT WARNING * * *
The gnoll barely misses you.
You feel the effects of Trog's Hand fading.
Your skin crawls.
You feel strong-willed. The gnoll closely misses you.
The gnoll hits you with a +0 club.
* * * LOW HITPOINT WARNING * * *
You barely miss the gnoll.
The gnoll hits you from afar with a +0 spear!
* * * LOW HITPOINT WARNING * * *
The gnoll hits you with a +0 club.
You die...

### #.. # #..
#. .. #.##.##
#....#####..
##.gg.......
##.
#g####.#.#
..###@....|.#
#.#.####.###
#.## #.# #.#
#.# #.# #.#
#.#


You could see 3 gnolls.

Vanquished Creatures
  3 adders
  A gnoll (D:4)
  2 dart slugs
  A ribbon worm (D:2)
  3 orcs (D:3)
  6 endoplasms
  4 giant cockroaches
  6 goblins
  4 hobgoblins
  2 jackals (D:1)
  4 kobolds (D:1)
  5 quokkas
  A ball python (D:1)
  2 bats
  3 frilled lizards
  4 rats
51 creatures vanquished.

Notes
Turn   | Place    | Note
-------+----------+-------------------------------------------
     0 | D:1      | n00bmints the Minotaur Berserker began the quest for the
                  | Orb.
     0 | D:1      | Reached XP level 1. HP: 19/19 MP: 0/0
   137 | D:1      | Reached XP level 2. HP: 24/27 MP: 1/1
   437 | D:1      | Reached XP level 3. HP: 33/33 MP: 2/2
   529 | D:1      | Found a faded altar of an unknown god.
  1062 | D:2      | Reached XP level 4. HP: 40/41 MP: 3/3
  1120 | D:2      | Reached ** piety under Trog
  1155 | D:2      | Found an opulent altar of Gozag.
  1373 | D:2      | Identified the +9 rapier "Legatwif" {protect, rElec Int+2
                  | Dex+3 Stlth+}
  1746 | D:3      | You fall into a shaft and drop 1 floor!
  1829 | D:4      | Reached skill level 5 in Fighting
  1829 | D:4      | Reached skill level 5 in Maces & Flails
  1831 | D:4      | Reached XP level 5. HP: 21/48 MP: 4/4
  1837 | D:4      | Slain by a gnoll

Illustrated notes

Levels and vault maps discovered:
D:1:      wander_arrival_fairy_ring, layout_basic,
          hellmonk_ecumenical_altar_arch_garden, dreamdust_princess_bridge
D:2:      layout_loops_ring, basic_altar, kennysheep_generic_room_13
D:3:      layout_loops_cross
D:4:      layout_loops_ring, serial_shops, shop, shop, shop, shop, shop

Skill      XL: |  1  2  3  4 |
---------------+-------------+-----
Maces & Flails | 4 5 |  5.1
Fighting       | 4 5 |  5.0
Armour         | |  2.9
Dodging        | |  2.8
Stealth        | |  0.6

Action                     |  1- 3 |  4- 6 || total
---------------------------+-------+-------++-------
  Melee: Mace              |    64 |    51 ||   115
         Headbutt          |     7 |     3 ||    10
 Invoke: Trog's Hand       |       |     2 ||     2
   Stab: Sleeping          |     1 |     1 ||     2
 Armour: Animal skin       |    32 |    19 ||    51
         Chain mail        |       |    20 ||    20
         Leather armour    |       |     1 ||     1
  Dodge: Dodged            |    41 |    31 ||    72

Table legend: (Time is in decaauts)
 A = Elapsed time spent in this place.
 B = Non-inter-level travel time spent in this place.
 C = Inter-level travel time spent in this place.
 D = Time resting spent in this place.
 E = Time spent auto-exploring this place.
 F = Levels seen in this place.
 G = Mean time per level.
                   A        B        C        D        E       F      G
               +--------+--------+--------+--------+--------+-----+--------+
         Total |   1856 |   1699 |    157 |      0 |   1361 |   4 |  464.0 |
       Dungeon |   1856 |   1699 |    157 |      0 |   1361 |   4 |  464.0 |
               +--------+--------+--------+--------+--------+-----+--------+

Top non-repeatable levels by time:
     D:1: 832 daAuts
     D:2: 806 daAuts
     D:3: 125 daAuts
     D:4: 91 daAuts
